 Dungeon Crawl Stone Soup version 0.29.0-11-gd7f09526c8 (webtiles) character file.

Game seed: 16517106255416622025

881 sentinel the Digger (level 8, -10/57 HPs)
             Began as a Meteoran Earth Elementalist on Sept 5, 2022.
             Killed by an exploding scorpion (29 damage)
             ... ignited by their inner flame
             ... on level 4 of the Dungeon.
             The game lasted 00:04:41 (542 turns).

sentinel the Digger (Meteoran Earth Elementalist)    Turns: 542, Time: 00:04:41

Health: -10/57     AC:  2    Str: 10    XL:     8   Next: 50%
Magic:  0/19       EV: 12    Int: 18    God:
Gold:   0          SH:  0    Dex: 15    Spells: 14/20 levels left

rFire   . . .      SeeInvis .   e - staff of conjuration {!a}
rCold   . . .      Faith    .   (no shield)
rNeg    . . .      Spirit   .   a - +0 robe
rPois   .          Reflect  .   (no helmet)
rElec   .          Harm     .   (no cloak)
rCorr   .          Rampage  .   (no gloves)
Will    +....                   (no boots)
Stlth   +.........              (no amulet)
HPRegen 0.19/turn               (no ring)
MPRegen 0.16/turn               (no ring)

@: lethally poisoned (-10 -> -18), glowing
A: sense surroundings 1, otherworldly, glowing, explore regen
a: no special abilities


You were on level 4 of the Dungeon.
You visited 1 branch of the dungeon, and saw 5 of its levels.

Inventory:

Hand Weapons
 c - the +2 rapier "Jihats Keki" {vorpal, Int+2 Dex-5 SInv}
   (You found it on level 5 of the Dungeon)

   It inflicts extra damage upon your enemies.
   Int:       It affects your intelligence (+2).
   Dex:       It affects your dexterity (-5).
   SInv:      It lets you see invisible.
Missiles
 h - a throwing net
Armour
 a - a +0 robe (worn)
Magical Staves
 e - a staff of conjuration (weapon) {!a}
Scrolls
 b - a scroll of poison
 f - a scroll of immolation
 r - 2 scrolls of identify


   Skills:
 - Level 2.4 Dodging
 - Level 1.4 Stealth
 + Level 6.7 Spellcasting
 - Level 5.0 Conjurations
 - Level 1.2 Transmutations
 + Level 7.7 Earth Magic


You had 14 spell levels left.
You knew the following spells:

 Your Spells              Type           Power      Damage    Failure   Level
a - Sandblast             Erth           68%        2d15      1%          1
b - Stone Arrow           Conj/Erth      86%        3d12      2%          3
c - Passwall              Tmut/Erth      18%        N/A       2%          2

Your spell library contained the following spells:

 Spells                   Type           Power      Damage    Failure   Level
 Petrify                  Tmut/Erth      22%        N/A       17%         4


Dungeon Overview and Level Annotations

Branches:
Dungeon (5/15) Zot: 2425
 Temple: D:4-7

Altars:
Ru

Shops:
D:1 =

Annotations:
D:4 Grinder


Innate Abilities, Weirdness & Mutations

You passively map a small area around you.
You are easily found by Zot.
You glow in the dark.
You regain HP and MP as you explore.


Message History

You climb upwards.
Level annotation: Grinder, Pikel
Found three items.
There is a stone staircase leading down here.
The blast of sand hits the giant cockroach.
The giant cockroach is heavily wounded.
The blast of sand misses the giant cockroach.
The giant cockroach bites you. x2
The blast of sand hits the giant cockroach!
You kill the giant cockroach!
A hobgoblin comes into view.
The hobgoblin shouts!
The blast of sand misses the hobgoblin.
The blast of sand hits the hobgoblin!
You kill the hobgoblin!
You can't see any susceptible monsters within range! (Use Z to cast anyway.)
b - 2 scrolls labelled QATEHE GIALEOMM (gained 1)
d - 2 bubbling cyan potions (gained 1)
The lemure shouts!
You hear a shout! x3
The lemure shouts!
The orc priest shouts!
You hear a shout! x2
A scorpion comes into view.
You can't see any susceptible monsters within range! (Use Z to cast anyway.)
You aren't carrying any items that you can evoke.
Unknown command.
Pikel shouts!
Casting: Sandblast (safe; 1% risk of failure)
Confirm with . or Enter, or press ? or * to list all spells.
Aiming: Sandblast (safe; 1% risk of failure)
Press: ? - help, Shift-Dir - straight line, f - orc priest
Aim: an orc priest, wielding a +0 club and wearing a +0 leather armour (83% to hit)
The blast of sand hits the orc priest!
The orc priest is severely wounded.
Casting: Sandblast (safe; 1% risk of failure)
Confirm with . or Enter, or press ? or * to list all spells.
Aiming: Stone Arrow (dangerous; 4% risk of failure)
Press: ? - help, Shift-Dir - straight line, f - Pikel, p - orc priest
Aim: Pikel, wielding a +1 whip of flaming and wearing a +0 robe (67% to hit)
Okay, then.
Casting: Stone Arrow (dangerous; 4% risk of failure)
Confirm with . or Enter, or press ? or * to list all spells.
Aiming: Stone Arrow (dangerous; 4% risk of failure)
Press: ? - help, Shift-Dir - straight line, f - Pikel, p - orc priest
Aim: Pikel, wielding a +1 whip of flaming and wearing a +0 robe (67% to hit)
You feel a surge of power!
The stone arrow hits the orc priest!!
You kill the orc priest!
Casting: Stone Arrow (dangerous; 4% risk of failure)
Confirm with . or Enter, or press ? or * to list all spells.
Aiming: Stone Arrow (dangerous; 4% risk of failure)
Press: ? - help, Shift-Dir - straight line, f/p - Pikel
Aim: Pikel, wielding a +1 whip of flaming and wearing a +0 robe (67% to hit)
You feel a surge of power!
The stone arrow hits Pikel!!
Pikel is heavily wounded.
You hear a shout! x2
Casting: Stone Arrow (dangerous; 4% risk of failure)
Confirm with . or Enter, or press ? or * to list all spells.
Aiming: Stone Arrow (dangerous; 4% risk of failure)
Press: ? - help, Shift-Dir - straight line, f/p - Pikel
Aim: Pikel, wielding a +1 whip of flaming and wearing a +0 robe (black smoke, heavily wounded, 67% to hit)
You feel a surge of power!
The stone arrow hits Pikel!
Pikel is almost dead.
Casting: Stone Arrow (dangerous; 4% risk of failure)
Confirm with . or Enter, or press ? or * to list all spells.
Aiming: Sandblast (safe; 1% risk of failure)
Press: ? - help, Shift-Dir - straight line, f/p - Pikel
Aim: Pikel, wielding a +1 whip of flaming and wearing a +0 robe (black smoke, almost dead, 79% to hit)
The blast of sand hits Pikel but does no damage.
Pikel is almost dead.
Pikel hits you with a +1 whip of flaming!
Pikel burns you.
Pikel hits you with a +1 whip of flaming!
Pikel burns you.
Casting: Sandblast (safe; 1% risk of failure)
Confirm with . or Enter, or press ? or * to list all spells.
Aiming: Sandblast (safe; 1% risk of failure)
Press: ? - help, Shift-Dir - straight line, f/p - Pikel
Aim: Pikel, wielding a +1 whip of flaming and wearing a +0 robe (black smoke, almost dead, 79% to hit)
The blast of sand hits Pikel but does no damage.
Pikel is almost dead.
Pikel says, "You'll make a fine lemure."
Pikel hits you with a +1 whip of flaming.
Pikel burns you.
Casting: Sandblast (safe; 1% risk of failure)
Confirm with . or Enter, or press ? or * to list all spells.
Aiming: Sandblast (safe; 1% risk of failure)
Press: ? - help, Shift-Dir - straight line, f/p - Pikel
Aim: Pikel, wielding a +1 whip of flaming and wearing a +0 robe (severely wounded, 79% to hit)
The blast of sand hits Pikel!
You kill Pikel!
With Pikel's spell broken, his former minions thank you for their freedom.
The lemure departs this earthly plane. x3
Grinder says, "There's only one good use for a tongue: cutting it out."
The scorpion stings you.
Grinder blinks!
Your Spellcasting skill gained 2 levels and is now at level 6!
Your Earth Magic skill increases to level 7!
You have reached level 8!
The scorpion attacks as you move away! The scorpion stings you.
A hound comes into view.
Okay, then.
The air fills with toxic fumes!
As you read the scroll labelled QATEHE GIALEOMM, it crumbles to dust.
It was a scroll of poison.
The scorpion barely misses you. x2; Grinder blinks!
Casting: Sandblast (safe; 1% risk of failure)
Confirm with . or Enter, or press ? or * to list all spells.
Aiming: Sandblast (safe; 1% risk of failure)
Press: ? - help, Shift-Dir - straight line, f - orc
Aim: an orc, wielding a +0 war axe and wearing a +0 ring mail (86% to hit)
The blast of sand hits the scorpion!
The scorpion is heavily wounded.
The scorpion stings you.
Casting: Sandblast (safe; 1% risk of failure)
Confirm with . or Enter, or press ? or * to list all spells.
Aiming: Sandblast (safe; 1% risk of failure)
Press: ? - help, Shift-Dir - straight line, f/p - orc
Aim: an orc, wielding a +0 war axe and wearing a +0 ring mail (86% to hit)
Okay, then.
It was a potion of curing.
You feel better.
q - a potion of curing The scorpion stings you.
You are poisoned.
The scorpion poisons you!
The scorpion stings you but does no damage.
Okay, then.
Okay, then.
You feel better. The scorpion stings you.
You are poisoned.
The scorpion poisons you!
As you read the scroll labelled EGOEZ YCEG, it crumbles to dust.
The creatures around you are filled with an inner flame!
It was a scroll of immolation.
You feel very sick. The scorpion stings you.
As you read the scroll labelled URIGHO YMATES, it crumbles to dust.
It is a scroll of identify.
You don't have any unidentified items.
r - 2 scrolls of identify You feel sick.
The scorpion stings you.
You aren't carrying any items that you can evoke.
Unknown command.
You aren't carrying any potions.
Unknown command.
Casting: Sandblast (safe; 1% risk of failure)
Confirm with . or Enter, or press ? or * to list all spells.
Aiming: Stone Arrow (dangerous; 2% risk of failure)
Press: ? - help, Shift-Dir - straight line, f - Grinder, p - orc
Aim: Grinder (poison gas, inner flame, 73% to hit)
You feel a surge of power!
The stone arrow hits the scorpion!
The scorpion explodes!
The fiery explosion engulfs the orc!!
The fiery explosion engulfs you!!
Ouch! That really hurt!
You die...

#.. *,.## , ##...###.#
#.###.... .......#○##
..#...... ....#..§§○##
........., #....§☼§☼§##
.>....... ,* ##...§§§☼§.#
.5........ ,* #.#.§§☼☼§.###
......<...., ###§§§§§○...#
...........§ #§§☼☼☼§§§..##
............§###@☼§§§§○§..##
.5.....$.○§§5o)§○☼§§§☼○☼...#
._..PPP..§☼§§§○§§§§☼§§§§.#..*
.........☼§§§.§☼####§##§...#
#.?......§§§§§### #.§§#.###
..... ..§§§☼# * ,##.#### ,
..§☼## *,,,,.. * , ..#§ *
,... , ##. , * ...#


You could see Grinder (inner flame) and an orc (inner flame).

Vanquished Creatures
  Pikel (D:4)
  Eustachio (D:4)
  A lemure (D:5)
  A phantom (D:5)
  2 scorpions
  An orc priest (D:4)
  A hound (D:5)
  Natasha (D:5)
  3 gnolls (D:2)
  A worm (D:5)
  A dart slug (D:1)
  4 orcs
  2 ball pythons (D:1)
  3 endoplasms
  A giant cockroach (D:4)
  6 goblins
  2 hobgoblins
  3 jackals (D:5)
  A quokka (D:1)
  2 bats (D:1)
  2 frilled lizards
  A rat (D:1)
41 creatures vanquished.

Vanquished Creatures (others)
  2 plants (D:4)
2 creatures vanquished.

Grand Total: 43 creatures vanquished

Notes
Turn   | Place    | Note
-------+----------+-------------------------------------------
     0 | D:1      | sentinel the Meteoran Earth Elementalist began the quest
                  | for the Orb.
     0 | D:1      | Reached XP level 1. HP: 14/14 MP: 5/5
    42 | D:1      | Found Pebliej's Jewellery Emporium.
    77 | D:1      | Reached skill level 4 in Earth Magic
   133 | D:1      | Reached XP level 2. HP: 20/20 MP: 4/6
   182 | D:2      | Reached XP level 3. HP: 26/26 MP: 5/8
   186 | D:2      | Learned a level 2 spell: Passwall
   190 | D:2      | Learned a level 3 spell: Stone Arrow
   310 | D:2      | Reached skill level 1 in Conjurations
   313 | D:2      | Reached XP level 4. HP: 33/33 MP: 3/9
   314 | D:2      | Reached skill level 5 in Earth Magic
   359 | D:4      | Noticed Eustachio
   363 | D:4      | Noticed a lemure
   364 | D:4      | Noticed Natasha
   365 | D:4      | Noticed a lemure
   372 | D:4      | Killed Eustachio
   373 | D:4      | Reached XP level 5. HP: 26/38 MP: 1/11
   373 | D:4      | Reached XP level 6. HP: 31/45 MP: 1/12
   384 | D:4      | Noticed Grinder
   384 | D:4      | Noticed Pikel
   384 | D:4      | Found a sacrificial altar of Ru.
   389 | D:5      | Entered Level 5 of the Dungeon
   414 | D:5      | Killed Natasha
   456 | D:5      | Reached XP level 7. HP: 48/50 MP: 9/14
   489 | D:5      | Reached skill level 5 in Conjurations
   489 | D:5      | Reached skill level 6 in Earth Magic
   497 | D:5      | Identified the +2 rapier "Jihats Keki" {vorpal, Int+2 Dex-5
                  | SInv}
   533 | D:4      | Killed Pikel
   534 | D:4      | Reached skill level 7 in Earth Magic
   534 | D:4      | Reached XP level 8. HP: 26/57 MP: 2/19
   542 | D:4      | Killed by an exploding scorpion... ignited by their inner
                  | flame

Illustrated notes

Levels and vault maps discovered:
D:1:      dpeg_arrival_water_temple_mockup, layout_basic, serial_shops,
          nicolae_shop_competitors_out_of_business,
          shapermc_ecumenical_altar_notcrosses, minmay_misc_feat_cross,
          st_stairs_9
D:2:      layout_loops_ring, basic_altar, uniq_jessica
D:3:      layout_loops_ring, mainiacjoe_overflow_catwalk_spiral
D:4:      layout_cave_pools, mainiacjoe_overflow_boulevard, uniq_grinder,
          uniq_eustachio, uniq_natasha, uniq_pikel
D:5:      layout_loops_ring, hex_tiny, chequers_avenue

Skill      XL: |  1  2  3  4  5  6  7 |
---------------+----------------------+-----
Earth Magic    | 4 5 7 |  7.7
Conjurations   | 1 3 4 5 |  5.0
Spellcasting   | 3 4 6 |  6.7
Dodging        | |  2.4
Stealth        | |  1.4
Transmutations | |  1.2

Action                   |  1- 3 |  4- 6 |  7- 9 || total
-------------------------+-------+-------+-------++-------
 Cast: Sandblast         |    26 |    27 |    15 ||    68
       Passwall          |     2 |       |     1 ||     3
       Stone Arrow       |       |     6 |     4 ||    10
  Use: Potion            |       |     1 |     2 ||     3
       Scroll            |       |     1 |     3 ||     4
Armor: Robe              |     2 |     6 |     1 ||     9
Dodge: Dodged            |     5 |    22 |     2 ||    29
